 Dungeon Crawl Stone Soup version 0.25-a0-109-ge9c0e85935 (webtiles) character file.

Game seed: 8816082437007139628, levelgen mode: deterministic

133 vurker the Skirmisher (level 5, -7/42 HPs)
             Began as a Formicid Abyssal Knight on Nov 18, 2019.
             Was a Believer of Lugonu.
             Mangled by an ogre
             ... wielding a +0 giant club
              (11 damage)
             ... on level 3 of the Dungeon.
             The game lasted 00:05:01 (2947 turns).

vurker the Skirmisher (Formicid Abyssal Knight)     Turns: 2947, Time: 00:05:02

Health: -7/42      AC:  9    Str: 17    XL:     5   Next: 39%
Magic:  7/7        EV:  9    Int: 12    God:    Lugonu [**....]
Gold:   207        SH:  0    Dex: 10    Spells: 4/4 levels left

rFire    . . .     SeeInvis +   a - +1 hand axe
rCold    . . .     Gourm    .   (no shield)
rNeg     . . .     Faith    .   g - +0 scale mail
rPois    .         Spirit   .   (helmet unavailable)
rElec    .         Reflect  .   d - +0 cloak
rCorr    .         Harm     .   (no gloves)
MR       .....                  j - +1 pair of boots
Stlth    ..........             (no amulet)
HPRegen  0.14/turn              n - ring of see invisible (curse)
MPRegen  0.10/turn              (no ring)

@: no status effects
A: permanent stasis, dig shafts and tunnels, four strong arms, antennae 3
a: Dig, Shaft Self, Depart the Abyss, Bend Space, Renounce Religion


You were on level 3 of the Dungeon.
You worshipped Lugonu.
Lugonu was pleased with you.
You were hungry.

You visited 1 branch of the dungeon, and saw 3 of its levels.
You visited the Abyss 1 time.

You collected 207 gold pieces.

Inventory:

Hand Weapons
 a - a +1 hand axe (weapon)
 c - a +0 vampiric trident
   (You found it on level 2 of the Dungeon)
 f - a +2 quarterstaff of chaos
   (You took it off Crazy Yiuf on level 2 of the Dungeon)
Armour
 d - a +0 cloak (worn)
   (You took it off Crazy Yiuf on level 2 of the Dungeon)
 g - a +0 scale mail (worn)
   (You found it on level 1 of the Dungeon)
 j - a +1 pair of boots (worn)
   (You found it on level 1 of the Dungeon)
Jewellery
 n - a cursed ring of see invisible (left hand)
   (You found it on level 3 of the Dungeon)
Wands
 m - a wand of enslavement (11)
   (You found it on level 3 of the Dungeon)
Scrolls
 o - 3 scrolls of enchant armour
 q - a scroll of remove curse
Potions
 b - a potion of magic
 h - a potion of resistance
 i - 3 potions of heal wounds
 k - 3 potions of agility
 l - a potion of curing
 p - a potion of brilliance {unknown}
Comestibles
 e - 8 rations


   Skills:
 + Level 4.2 Fighting
 * Level 3.8 Axes
 - Level 2.1 Armour
 - Level 0.8 Dodging
 + Level 3.5 Invocations


You had 4 spell levels left.
You didn't know any spells.
Your spell library was empty.

Dungeon Overview and Level Annotations

Branches:
Dungeon (3/15)

Altars:
Gozag
Okawaru
Uskayaw
Zin


Innate Abilities, Weirdness & Mutations

You cannot be hasted, slowed, berserked, paralysed or teleported.
You can dig through walls and to a lower floor.
Your four strong arms can wield two-handed weapons with a shield.
You have a pair of large antennae on your head. (SInv)


Message History

You kill the goblin!
Lugonu accepts your kill.
You slash the goblin!
You kill the goblin!
Lugonu accepts your kill.
All of the chunks of flesh in your inventory have rotted away.
You hit the goblin.
You kill the goblin!
Lugonu accepts your kill.
You slash the goblin!
You kill the goblin!
Lugonu accepts your kill.
You hit the goblin. The goblin hits you with a +0 dagger.
You hit the goblin but do no damage. You hit the goblin.
You kill the goblin!
Lugonu accepts your kill.
Your scale mail prevents you from hitting the goblin.
You hit the goblin. The goblin hits you but does no damage.
You hit the goblin.
You kill the goblin!
Lugonu accepts your kill.
You hit the goblin.
You kill the goblin!
Lugonu accepts your kill.
You barely miss the ogre. The ogre misses you.
You barely miss the ogre. The ogre barely misses you.
You barely miss the ogre. The ogre completely misses you.
You hit the ogre but do no damage. The ogre hits you with a +0 giant club!
You hit the ogre. The ogre closely misses you.
You hit the ogre. The ogre hits you with a +0 giant club!
* * * LOW HITPOINT WARNING * * *
There is an open door here.
There is a large open door here.
There is a large open door here.
There is a stone staircase leading up here.
You climb upwards.
There is a stone staircase leading down here.
You start resting.
You are feeling hungry.
You start resting.
You climb downwards.
The ogre hits you with a +0 giant club!
There is a stone staircase leading up, spattered with blood here.
You slash the ogre! The ogre closely misses you.
You hit the ogre.
The ogre hits you with a +0 giant club!!
Ouch! That really hurt!
* * * LOW HITPOINT WARNING * * *
You hit the ogre. The ogre hits you with a +0 giant club!
You die...

+.......''........#.#..#....#.#
#.......##...O....#.#..#.._.#.#
#.......####+###....#..##...#)#
#.......# #.###O####...#####.#
#....[..# #..##.#..+.......(.#
..#..#### ##......##...##.##.##
.###..#######..###.##...#......#
##.##.............>.....###..###
#.#.##########..@#.######......#
.#.#.## #...O.#######.##.##
#.#.#.## #..........#......#
.###^#.## #.....#....#.####.#
##.##.#.## #.....#....#......#
#.#.##.#)## #.....#....##.##.##
.#.#.##.#.## #.....#....#......#
#.#.#.##.#.###.....#....###..###
.##..#.##.#.##.....#....#......#


You could see an ogre.

Vanquished Creatures
  Crazy Yiuf (D:2)
  Jessica (D:2)
  An adder (D:3)
  An ooze (D:3)
  A worm (D:3)
  A dart slug (D:1)
  An orc (D:3)
  A ball python (D:2)
  A giant cockroach (D:1)
  14 goblins
  6 hobgoblins
  6 jackals
  4 kobolds
  6 bats
  4 frilled lizards
  9 rats
58 creatures vanquished.

Notes
Turn   | Place    | Note
-------+----------+-------------------------------------------
     0 | Abyss:1  | vurker the Formicid Abyssal Knight began the quest for the
                  | Orb.
     0 | Abyss:1  | Reached XP level 1. HP: 18/18 MP: 2/2
    11 | D:1      | Escaped the Abyss
   325 | D:1      | Reached XP level 2. HP: 24/24 MP: 3/3
   810 | D:2      | Noticed Jessica
   815 | D:2      | Killed Jessica
   815 | D:2      | Reached XP level 3. HP: 19/30 MP: 3/5
  1076 | D:2      | Reached XP level 4. HP: 37/37 MP: 6/6
  1102 | D:2      | Found a hide-covered altar of Uskayaw.
  1141 | D:2      | Found an iron altar of Okawaru.
  1391 | D:2      | Found a runed translucent door.
  1392 | D:2      | Noticed Crazy Yiuf
  1634 | D:2      | Killed Crazy Yiuf
  1634 | D:2      | Reached skill level 4 in Fighting
  2016 | D:3      | Found an opulent altar of Gozag.
  2016 | D:3      | Found a glowing silver altar of Zin.
  2065 | D:3      | Reached ** piety under Lugonu
  2255 | D:3      | Reached XP level 5. HP: 42/42 MP: 7/7
  2763 | D:3      | Noticed an ogre
  2947 | D:3      | Mangled by an ogre

Levels and vault maps discovered:
D:1:      minmay_arrival_arboretum_small, layout_loops_ring
D:2:      layout_loops_ring, kennysheep_okawaru_gauntlet,
          eat_drink_and_be_merry_uskayaw, uniq_crazy_yiuf_cottage, uniq_jessica
D:3:      minmay_inner_zag, layout_basic, grunt_temple_overflow_gold_and_silver,
          first_ration, chequers_serial_rivers_room_a, minmay_misc_feat_alley,
          minmay_ogre_servants

Skill      XL: |  1  2  3  4 |
---------------+-------------+-----
Axes           | 3 |  3.8
Invocations    | 3 |  3.5
Fighting       | 4 |  4.2
Armour         | |  2.1
Dodging        | |  0.8

Action                   |  1- 3 |  4- 6 || total
-------------------------+-------+-------++-------
Melee: Hand axe          |    62 |   138 ||   200
       Trident           |       |     6 ||     6
  Use: Scroll            |       |    11 ||    11
  Eat: Chunk             |       |     6 ||     6
Armor: Leather armour    |    10 |       ||    10
       Scale mail        |    22 |    79 ||   101
Dodge: Dodged            |    50 |    67 ||   117

Table legend:
 A = Non-vault XP
 B = Vault XP
 C = Vault XP percentage of total XP
 D = Non-vault monster count
 E = Vault monster count
 F = Vault count percentage of total count
                 A         B        C        D         E       F
            +---------+---------+-------+---------+---------+-------
      Total |      85 |     105 |  55.3 |      41 |      17 |  29.3
            +---------+---------+-------+---------+---------+-------
        D:1 |      25 |       0 |   0.0 |      14 |       0 |   0.0
        D:2 |      15 |      81 |  84.4 |      11 |       4 |  26.7
        D:3 |      45 |      24 |  34.8 |      16 |      13 |  44.8
            +---------+---------+-------+---------+---------+-------
